 Dungeon Crawl Stone Soup version 0.29.1-2-gbd0b4ee654 (webtiles) character file.

Game seed: 10026640273498830115

135 KittyFluff the Cudgeller (level 5, 0/33 HPs)
             Began as a Gargoyle Berserker on Nov 23, 2022.
             Was a Believer of Trog.
             Slain by a kobold
             ... wielding a +0 dagger
              (1 damage)
             ... on level 3 of the Dungeon.
             The game lasted 00:09:04 (2536 turns).

KittyFluff the Cudgeller (Gargoyle Berserker)       Turns: 2536, Time: 00:09:04

Health: 0/33       AC:  6    Str: 20    XL:     5   Next: 18%
Magic:  5/5        EV: 12    Int:  8    God:    Trog [**....]
Gold:   156        SH:  0    Dex: 11    Spells: 4/4 levels left

rFire   . . .      SeeInvis +   a - +0 mace
rCold   . . .      Faith    .   (no shield)
rNeg    + . .      Spirit   .   b - +0 animal skin
rPois   ∞          Reflect  .   (no helmet)
rElec   +          Harm     .   (no cloak)
rCorr   .          Rampage  .   (no gloves)
Will    .....                   (no boots)
Stlth   +.........              (no amulet)
HPRegen 0.11/turn               r - ring of see invisible
MPRegen 0.09/turn               (no ring)

@: no status effects
A: sickness immunity, AC +4, negative energy resistance 1, electricity
resistance, torment resistance 1, petrification resistance
a: Renounce Religion, Berserk, Trog's Hand


You were on level 3 of the Dungeon.
You worshipped Trog.
Trog was pleased with you.
You visited 1 branch of the dungeon, and saw 3 of its levels.

You collected 156 gold pieces.

Inventory:

Hand Weapons
 a - a +0 mace (weapon)
 l - a +0 sling
 y - a +0 morningstar
Missiles
 j - 7 poisoned darts (quivered)
Armour
 b - a +0 animal skin (worn)
 e - a +0 leather armour
 o - a +0 helmet
 x - a +0 helmet
Magical Staves
 t - a staff of conjuration
Jewellery
 r - a ring of see invisible (left hand)
Wands
 w - a wand of polymorph (9)
Scrolls
 c - a scroll of fog {unknown}
 f - 2 scrolls of immolation {unknown}
 g - a scroll of vulnerability {unknown}
 k - a scroll of enchant armour {unknown}
 u - a scroll of poison {unknown}
 v - a scroll of silence {unknown}
Potions
 d - 2 potions of heal wounds
 h - 4 potions of curing
 i - a potion of ambrosia
 m - a potion of invisibility
 n - a potion of mutation {unknown}
 p - a potion of brilliance {unknown}
 q - a potion of cancellation {unknown}
 s - 2 potions of haste {unknown}
 z - a potion of degeneration {unknown}


   Skills:
 + Level 3.9 Fighting
 + Level 4.6 Maces & Flails
 * Level 2.7 Armour
 + Level 2.2 Dodging
 + Level 0.7 Unarmed Combat


You had 4 spell levels left.
You didn't know any spells.
Your spell library was empty.

Dungeon Overview and Level Annotations

Branches:
Dungeon (3/15)

Altars:

Portals:
Sewer: D:3


Innate Abilities, Weirdness & Mutations

You are immune to sickness and miasma.
Your stone body is resilient. (AC +4)
You are immune to poison.
You resist negative energy. (rN+)
You are resistant to electric shocks. (rElec)
You are resistant to unholy torment.
You are immune to petrification.


Message History

The ball python closely misses you. The ball python grabs you.
The ball python constricts you.
The ball python bites you but does no damage.
The ball python constricts you.
* * * LOW HITPOINT WARNING * * *
You hit the ball python.
You kill the ball python!
Trog accepts your kill.
A river rat comes into view.
Found a glowing drain.
A river rat is nearby!
You start resting.
A kobold comes into view. It is wielding a +0 dagger.
You enter the shallow water.
Moving in this stuff is going to be slow.
The kobold shouts!
The kobold drinks a potion.
The kobold flickers and vanishes for a moment.
You closely miss the river rat. The river rat barely misses you.
The river rat closely misses you.
You closely miss the river rat.
The river rat bites you but does no damage.
You completely miss the river rat. The river rat closely misses you.
You hit the river rat but do no damage.
The river rat bites you but does no damage.
The kobold throws a stone.
The stone hits you but does no damage.
You sock the river rat!
The river rat is severely wounded.
The river rat barely misses you.
The kobold throws a stone.
The stone hits you but does no damage.
You hit the river rat.
The river rat is almost dead.
The river rat bites you.
* * * LOW HITPOINT WARNING * * *
The river rat bites you!
* * * LOW HITPOINT WARNING * * *
You hit the river rat but do no damage.
The river rat is almost dead.
The kobold hits you with a +0 dagger.
You die...

#..###.#
##.
#......#
...# ###
##.#####
..... ..#
#.# ~~~~~
#.# #.#####
~~~~~##.#
#......
~~.....~≈.#
#######
~~.....~~.#
#..
≈~..∩..~r@#
### #.#
~~..~..≈≈K#
##.#####.#
~~.....~~~#
#.#.).)...
#~~.~~##.#
##.#####.#
##~≈.~~##.#
#.# #.#
..........#
#)#####..
####.####.#
#.....###
#......#
#####.#
######.#
#.#


You could see a river rat and a kobold (invisible).

Vanquished Creatures
  Terence (D:2)
  Ijyb (D:3)
  Robin (D:3)
  An adder (D:2)
  3 dart slugs
  An orc (D:3)
  3 ball pythons
  2 bats (D:1)
  6 endoplasms
  2 giant cockroaches
  11 goblins
  6 hobgoblins
  3 jackals (D:2)
  6 kobolds
  2 quokkas (D:1)
  A frilled lizard (D:1)
  2 rats
52 creatures vanquished.

Vanquished Creatures (others)
  2 fungi (D:2)
  4 plants (D:2)
6 creatures vanquished.

Grand Total: 58 creatures vanquished

Notes
Turn   | Place    | Note
-------+----------+-------------------------------------------
     0 | D:1      | KittyFluff the Gargoyle Berserker began the quest for the
                  | Orb.
     0 | D:1      | Reached XP level 1. HP: 14/14 MP: 1/1
   194 | D:1      | Reached XP level 2. HP: 17/19 MP: 2/2
   548 | D:1      | Reached XP level 3. HP: 21/23 MP: 3/3
   753 | D:1      | Reached ** piety under Trog
  1423 | D:2      | Reached XP level 4. HP: 29/29 MP: 4/4
  1572 | D:2      | Noticed Terence
  1585 | D:2      | Killed Terence
  1586 | D:2      | Reached skill level 4 in Maces & Flails
  1911 | D:2      | Found a faded altar of an unknown god.
  2019 | D:3      | Noticed Ijyb
  2030 | D:3      | Killed Ijyb
  2114 | D:3      | Reached XP level 5. HP: 33/33 MP: 5/5
  2115 | D:3      | Noticed Robin
  2125 | D:3      | Killed Robin
  2512 | D:3      | Found a glowing drain.
  2535 | D:3      | HP: 1/33 [river rat (7)]
  2536 | D:3      | Slain by a kobold

Illustrated notes

Levels and vault maps discovered:
D:1:      dpeg_arrival_boxes_within_box, layout_basic
D:2:      layout_rooms, shapermc_ecumenical_altar_mp_urbaneastern,
          grunt_decor_arrowhead, serial_bayou_pond_a, uniq_terence
D:3:      layout_loops_corners, cheibrodos_sewer_entry_sluice, uniq_ijyb,
          uniq_robin

Skill      XL: |  1  2  3  4 |
---------------+-------------+-----
Dodging        | 2 |  2.2
Maces & Flails | 4 |  4.6
Fighting       | |  3.9
Armour         | |  2.7
Unarmed Combat | |  0.7

Action                   |  1- 3 |  4- 6 || total
-------------------------+-------+-------++-------
Melee: Mace              |   103 |    74 ||   177
       Punch             |     1 |     1 ||     2
       Unarmed           |       |     7 ||     7
Invok: Berserk           |       |     2 ||     2
  Use: Scroll            |       |     4 ||     4
Armor: Animal skin       |    31 |    17 ||    48
       Skin              |       |     2 ||     2
Dodge: Dodged            |    90 |    43 ||   133
